Map: Orbital Shipyard

Players

RaptoR - Winner!

  • Race: Terran Terran
  • League: Platinum

Iris

  • Race: Terran Terran
  • League: Master

VOD

Have the link to the VOD?

Description

Time

  • Played on: Sept. 6, 2015, 10:57 p.m.
  • Length: 12:05
Show
View Real Time Build Order
Export as new Build Order

RaptoR Terran - Winner!

Build Orders: Reaper Expand, Bio Tank, MMM Bio 

Get SALT Encoding   

  12  0:01  SCV  
  13  0:13  SCV  
  14  0:20  Supply Depot  
  14  0:26  SCV  
  15  0:41  SCV  
  16  0:43  Barracks  
  16  0:51  Refinery  
  16  0:53  SCV  
  17  1:05  SCV  
  18  1:17  SCV  
  19  1:28  Command Center  
  19  1:34  Orbital Command  
  19  1:37  Reaper  
  20  1:50  Supply Depot  
  20  1:59  SCV  
  21  2:08  Refinery  
  21  2:10  Barracks Reactor  
  21  2:17  SCV  
  22  2:29  SCV  
  23  2:38  Factory  
  23  2:41  SCV, Orbital Command  
  24  2:49  Marine x2  
  26  2:53  SCV  
  27  3:05  SCV  
  27  3:07  SCV, Marine  
  27  3:08  Marine  
  31  3:17  SCV  
  31  3:19  SCV  
  33  3:26  Starport  
  33  3:30  SCV, Barracks  
  33  3:31  SCV, Barracks  
  35  3:36  Hellion x2  
  35  3:39  Supply Depot  
  39  3:42  SCV  
  40  3:52  SCV, Barracks Tech Lab  
  40  3:54  SCV  
  42  4:02  Hellion x2  
  45  4:04  SCV  
  45  4:06  SCV  
  47  4:10  Medivac  
  47  4:13  Refinery x2  
  47  4:15  Stimpack  
  47  4:16  SCV  
  51  4:18  Barracks Reactor, SCV  
  51  4:19  Barracks Reactor, Marine  
  52  4:26  Hellion  
  54  4:32  Supply Depot  
  54  4:33  SCV, Hellion  
  54  4:37  SCV  
  58  4:45  SCV  
  59  4:47  Marine  
  59  4:49  SCV  
  61  4:57  SCV  
  62  5:00  Marine x4  
  62  5:01  SCV  
  62  5:03  Factory Tech Lab  
  67  5:09  SCV  
  67  5:13  SCV  
  70  5:17  Engineering Bay x2  
  70  5:25  Command Center, Marine  
  70  5:29  Supply Depot  
  70  5:32  Supply Depot  
  70  5:41  Marauder  
  70  5:46  Terran Infantry Weapons Level 1, Terran Infantry Armor Level 1  
  70  5:51  SCV, Siege Tank, Marine x4  
  70  5:53  SCV, Medivac x2  
  79  6:01  Marine  
  79  6:03  SCV  
  81  6:07  Barracks  
  81  6:08  Marine x4  
  81  6:09  Barracks  
  85  6:12  SCV  
  86  6:18  Supply Depot  
  86  6:21  Supply Depot, Marauder  
  86  6:23  Armory  
  88  6:26  Marine x2  
  88  6:27  Marine x2  
  88  6:28  Siege Tank  
  88  6:29  Viking  
  97  6:33  SCV x2  
  97  6:37  Orbital Command  
  99  6:40  Combat Shields  
  99  6:45  Marauder  
  99  6:46  SCV  
  99  6:47  Marine x2  
  102  6:52  SCV  
  105  6:58  SCV  
  106  7:01  Viking  
  106  7:02  Viking  
  106  7:04  SCV  
  106  7:05  Barracks Tech Lab  
  106  7:06  Barracks Tech Lab  
  111  7:12  Marine x2  
  111  7:13  Marauder, Siege Tank, Marine  
  119  7:15  SCV  
  120  7:26  SCV x2  
  120  7:28  Refinery  
  122  7:32  Marine x2, Starport, Medivac x2  
  122  7:33  Starport, Marauder  
  122  7:34  Concussive Shells, Marauder  
  122  7:36  SCV  
  133  7:50  Marine x2  
  133  7:51  Supply Depot x2, Marauder  
  137  7:52  Terran Infantry Weapons Level 2  
  137  7:53  Supply Depot  
  137  7:54  Marauder, Terran Infantry Armor Level 2  
  137  7:57  SCV  
  140  7:59  Marine  
  140  8:01  Refinery  
  141  8:12  Medivac  
  143  8:13  Marauder  
  143  8:18  Marauder, Marine x2  
  146  8:22  Marauder, Marine  
  146  8:25  Siege Tank  
  151  8:29  SCV  
  151  8:32  Marine  
  155  8:34  Command Center, Marauder  
  155  8:37  Marine  
  155  8:38  Starport Reactor x2  
  155  8:39  Viking  
  155  8:40  Marauder  
  160  8:42  Viking  
  160  8:43  Marauder  
  160  8:45  Terran Ship Weapons Level 1  
  164  8:55  Marine  
  165  9:04  Marine  
  165  9:06  Marine  
  165  9:07  Marine  
  165  9:13  Supply Depot x2  
  165  9:21  Marine  
  165  9:24  Marauder, Marine  
  165  9:25  Marine  
  165  9:26  Marine  
  165  9:27  Marauder  
  165  9:31  Marauder  
  140  9:39  Marine  
  140  9:42  Marine  
  140  9:43  Marine  
  140  9:44  Marine  
  125  9:45  Viking, Marauder  
  125  9:46  Viking x2  
  125  9:48  Marauder  
  125  9:52  Marauder, Liberator x2  
  124  9:57  Siege Tank, Marine  
  125  10:00  Marine x2  
  125  10:02  Marine  
  130  10:07  Marauder  
  130  10:09  Marauder  
  130  10:14  Marauder  
  138  10:27  Marine  
  141  10:28  Marauder  
  141  10:29  Viking x3  
  141  10:31  Marauder  
  141  10:35  Marauder  
  151  10:41  Marine x2  
  151  10:48  Viking  
  155  10:50  Marauder  
  155  10:51  Viking  
  155  10:52  Marauder  
  155  10:56  Marauder  
  155  10:57  Marine x2  
  160  11:03  Marine  
  161  11:06  Marine  
  161  11:10  Refinery  
  163  11:11  Refinery, Marauder  
  163  11:13  Viking x3  
  163  11:14  Marauder  
  163  11:18  Marauder  
  163  11:25  Marine  
  163  11:29  Marine  
  163  11:32  Marauder, Marine  
  156  11:35  Marauder, Marine  
  156  11:39  Marauder  
  154  11:43  Marine  
  154  11:46  Marine  
Show
View Real Time Build Order
Export as new Build Order

Iris Terran 

Build Orders: Command Center First (CC) 

Get SALT Encoding   

  12  0:02  SCV  
  13  0:14  SCV  
  14  0:26  SCV  
  15  0:30  Supply Depot  
  15  0:51  SCV  
  16  1:00  Command Center  
  16  1:05  SCV  
  17  1:13  Barracks  
  17  1:18  SCV  
  18  1:23  Refinery  
  18  1:26  Refinery  
  18  1:30  SCV  
  19  1:42  SCV  
  20  1:53  Supply Depot  
  20  1:54  Supply Depot, SCV  
  21  2:06  SCV  
  21  2:07  Marine  
  23  2:19  Factory  
  22  2:23  SCV  
  22  2:25  SCV  
  22  2:27  Barracks Reactor  
  24  2:40  SCV x2  
  26  3:03  Orbital Command x2  
  26  3:24  Hellion x2, Barracks Tech Lab  
  30  3:28  SCV  
  30  3:29  SCV  
  32  3:38  Armory  
  32  3:42  SCV x2  
  32  3:43  Starport  
  34  3:51  Hellion x2  
  38  4:04  SCV x2  
  40  4:11  Engineering Bay  
  40  4:16  SCV x2  
  42  4:18  Command Center  
  42  4:28  SCV  
  43  4:33  SCV  
  43  4:34  Terran Vehicle Weapons Level 1  
  43  4:38  Refinery x2  
  44  4:40  Supply Depot x2, SCV  
  45  4:53  SCV x2, Missile Turret  
  45  4:54  Siege Tank  
  45  4:56  Viking  
  45  4:57  Viking  
  54  5:04  Infernal Pre-Igniter  
  54  5:09  Liberator  
  54  5:14  Supply Depot x2  
  54  5:19  SCV x2  
  56  5:26  Hellion  
  61  5:31  Orbital Command  
  61  5:32  SCV x2  
  58  5:45  Missile Turret  
  58  5:46  Missile Turret  
  58  5:53  Missile Turret  
  58  6:00  Thor, Orbital Command  
  64  6:05  Liberator  
  64  6:06  Liberator  
  64  6:09  SCV x2  
  66  6:21  SCV x2  
  74  6:33  Command Center, Factory  
  74  6:41  Missile Turret  
  74  6:47  Missile Turret  
  74  6:49  Missile Turret  
  74  6:53  Hellion  
  76  6:54  Missile Turret  
  76  6:55  Mag-Field Accelerator  
  76  6:57  SCV x3  
  76  7:00  Refinery  
  79  7:02  Refinery  
  79  7:03  Missile Turret, Liberator  
  79  7:04  Liberator  
  79  7:09  SCV x3  
  82  7:19  Factory Tech Lab  
  82  7:21  Hellion  
  90  7:32  Terran Vehicle Weapons Level 2  
  90  7:37  Armory  
  90  7:41  Missile Turret  
  90  7:42  Supply Depot x2  
  90  7:45  Building Armor  
  90  7:51  Liberator  
  90  7:52  Liberator  
  90  7:57  Missile Turret  
  90  7:59  Missile Turret  
  90  8:05  SCV x4, Missile Turret  
  92  8:06  Missile Turret  
  92  8:10  Supply Depot  
  92  8:11  Hellion x2  
  102  8:32  Thor  
  108  8:42  Thor  
  114  8:49  Command Center  
  114  8:50  Command Center  
  114  9:00  Missile Turret  
  114  9:02  Missile Turret, Liberator  
  106  9:03  Liberator  
  106  9:04  Missile Turret  
  95  9:14  Terran Vehicle And Ship Armor Level 1, Thor  
  94  9:39  Cyclone  
  79  9:48  Liberator  
  68  9:58  Cyclone  
  53  10:01  Supply Depot  
  53  10:02  Supply Depot  
  56  10:10  Missile Turret  
  56  10:11  Siege Tank  
  59  10:16  Orbital Command  
  59  10:17  Viking  
  59  10:39  Thor  
  65  10:47  Command Center, Viking  
  67  11:02  Thor  
  73  11:10  Planetary Fortress  
Tags
 
Add a new tag
Caveats
  • Supply blocks, unpowered buildings, or Contaminate may cause inaccurate times.
  • Supply counts are checked every 10 seconds.